 Dungeon Crawl Stone Soup version 0.21-a0-404-g291f19a (webtiles) character file.

312 kae the Firebug (level 6, -13/32 HPs)
             Began as a Tengu Fire Elementalist on Oct 26, 2017.
             Mangled by an ogre
             ... wielding a +0 giant spiked club
              (15 damage)
             ... on level 4 of the Dungeon.
             The game lasted 00:03:32 (3490 turns).

kae the Firebug (Tengu Fire Elementalist)           Turns: 3490, Time: 00:03:33

Health: -13/32     AC:  5    Str:  8    XL:     6   Next: 42%
Magic:  9/12       EV: 12    Int: 18    God:
Gold:   75         SH:  0    Dex: 14    Spells: 11/12 levels left

rFire    . . .     SeeInvis .   e - +1 whip
rCold    . . .     Gourm    .   (no shield)
rNeg     . . .     Faith    .   a - +0 robe
rPois    +         Spirit   .   (helmet restricted)
rElec    .         Reflect  .   (no cloak)
rCorr    .         Harm     .   (no gloves)
MR       .....                  (boots unavailable)
Stlth    ++........             (no amulet)
HPRegen  0.10/turn              d - +3 ring of protection
MPRegen  0.13/turn              k - ring of poison resistance

@: no status effects
A: beak, talons 3, able to fly 1
a: Fly


You were on level 4 of the Dungeon.
You were not hungry.

You visited 1 branch of the dungeon, and saw 4 of its levels.

You collected 75 gold pieces.

Inventory:

Hand Weapons
 e - a +1 whip (weapon)
 n - a +1 falchion of holy wrath
Armour
 a - a +0 robe (worn)
Jewellery
 d - a +3 ring of protection (left hand)
 k - a ring of poison resistance (right hand)
 l - a +1 ring of protection
Scrolls
 f - a scroll of remove curse
Potions
 h - a potion of lignification {unknown}
 i - a potion of ambrosia
 m - 2 potions of curing
 o - 2 potions of agility {unknown}
 p - a potion of brilliance {unknown}
 q - a potion of resistance {unknown}
Books
 b - a book of Flames

   Spells                             Type                      Level
   a - Flame Tongue                   Conjuration/Fire             1
   b - Throw Flame                    Conjuration/Fire             2
   c - Conjure Flame                  Conjuration/Fire             3
   d - Inner Flame                    Hexes/Fire                   3
   e - Sticky Flame                   Conjuration/Fire             4
   f - Fireball                       Conjuration/Fire             5
Comestibles
 c - a bread ration
 g - a meat ration
 j - a fruit
 r - a royal jelly


   Skills:
 - Level 2.1 Dodging
 - Level 2.0 Stealth
 + Level 3.8 Spellcasting
 + Level 4.8 Conjurations
 + Level 5.1 Fire Magic


You had 11 spell levels left.
You knew the following spells:

 Your Spells              Type           Power        Failure   Level  Hunger
a - Flame Tongue          Conj/Fire      ###..        1%          1    None


Dungeon Overview and Level Annotations

Branches:
Dungeon (4/15)
 Temple: D:4-7

Altars:
Makhleb
Qazlal

Annotations:
D:2 Sigmund


Innate Abilities, Weirdness & Mutations

You have a beak for a mouth.
You have claws for feet.
You can fly.


Message History

You barely miss the quokka.
The quokka is heavily wounded.
The quokka bites you.
You barely miss the quokka.
The quokka is heavily wounded.
The quokka barely misses you. x2
You hit the quokka.
You kill the quokka!
An ogre and a skeleton come into view.
The ogre hits you with a giant spiked club!!
Ouch! That really hurt!
* * * LOW HITPOINT WARNING * * *
You are too injured to fight recklessly!
You are too injured to fight recklessly!
Unknown command.
Okay, then.
Okay, then.
You see here a scroll of remove curse.
The ogre hits you with a giant spiked club!
You die...

## #.. .##.#########
........@Z<.#
##......O?.#
#.........#########
#.................#
#...>.............##
#########...........
#.........#
#...<.....#
#.........#


You could see an ogre and an adder skeleton.

Vanquished Creatures
  A howler monkey (D:3)
  2 orc priests (D:3)
  2 orc wizards (D:3)
  A worker ant (D:4)
  4 adders
  A gnoll (D:1)
  An ooze (D:3)
  2 worms (D:2)
  7 orcs (D:3)
  A ball python (D:3)
  3 giant cockroaches
  5 goblins
  9 hobgoblins
  8 jackals
  5 kobolds
  2 quokkas (D:4)
  12 bats
  3 frilled lizards
  9 rats
78 creatures vanquished.

Notes
Turn   | Place    | Note
-------+----------+-------------------------------------------
     0 | D:1      | kae the Tengu Fire Elementalist began the quest for the Orb.
     0 | D:1      | Reached XP level 1. HP: 10/10 MP: 4/4
   139 | D:1      | Reached XP level 2. HP: 12/15 MP: 6/6
   434 | D:1      | Reached XP level 3. HP: 7/19 MP: 3/7
  1286 | D:2      | Reached skill level 4 in Fire Magic
  1353 | D:2      | Noticed Sigmund
  1439 | D:2      | Reached XP level 4. HP: 24/24 MP: 9/9
  2378 | D:3      | Found a stormy altar of Qazlal.
  2410 | D:3      | Gained mutation: You can fly. [Tengu growth]
  2410 | D:3      | Reached XP level 5. HP: 19/28 MP: 2/10
  2947 | D:3      | Found a burning altar of Makhleb.
  3113 | D:3      | Reached XP level 6. HP: 32/32 MP: 1/12
  3132 | D:3      | Reached skill level 5 in Fire Magic
  3490 | D:4      | Mangled by an ogre

Vault maps used:
D:1:      dpeg_arrival_stone_temple_mockup, minmay_heptomino_o4
D:2:      minmay_stone_trees_small, uniq_sigmund
D:3:      nicolae_overflow_crystal_walls, lightli_temple_of_fire
D:4:      kiku_gazebo_pond_becter, uniq_pikel

Skill      XL: |  1  2  3  4  5  6 |
---------------+-------------------+-----
Conjurations   | 2 3 4 |  4.8
Fire Magic     | 4 5 |  5.1
Spellcasting   | 3 |  3.8
Dodging        | |  2.1
Stealth        | |  2.0

Action                   |  1- 3 |  4- 6 || total
-------------------------+-------+-------++-------
Melee: Unarmed           |    14 |       ||    14
       Whip              |    42 |    89 ||   131
       Kick              |     8 |    16 ||    24
       Peck              |     5 |    13 ||    18
 Cast: Flame Tongue      |    28 |    54 ||    82
  Use: Scroll            |     3 |     3 ||     6
 Stab: Sleeping          |     6 |     3 ||     9
  Eat: Chunk             |     2 |     6 ||     8
Armor: Robe              |    20 |    43 ||    63
Dodge: Dodged            |    57 |    94 ||   151

Table legend:
 A = Spawn XP
 B = Non-spawn XP
 C = Spawn XP percentage of total XP
 D = Spawn monster count
 E = Non-spawn monster count
 F = Spawn count percentage of total count
 G = Total turns spent on level
                    A         B        C        D         E        F      G
               +---------+---------+-------+---------+---------+-------+---------
         Total |       0 |     446 |   0.0 |       0 |      78 |   0.0 |  3490
               +---------+---------+-------+---------+---------+-------+---------
           D:1 |       0 |      55 |   0.0 |       0 |      27 |   0.0 |  1366
           D:2 |       0 |      74 |   0.0 |       0 |      20 |   0.0 |   885
           D:3 |       0 |     279 |   0.0 |       0 |      28 |   0.0 |  1199
           D:4 |       0 |      38 |   0.0 |       0 |       3 |   0.0 |    40
               +---------+---------+-------+---------+---------+-------+---------
